[ AOE2 MATCH · #496004025 ]
UnrankedTurks vs Japanese
[ REPLAY ANALYSIS · EXTRACTED FROM THE RECORDED GAME ]
Feudal
11:31
Castle
16:02
Imperial
38:37
| APM avg | 55.9 |
| APM peak | 107 |
| eAPM avg | 35.6 |
| Villagers / military | 177 / 121 |
Focus
⚔️ 30.5% · 🌾 69.5%
Scout Cavalry ×76 · Fishing Ship ×15 · Scorpion ×13 · Monk ×9 · Bombard Cannon ×8 · Battering Ram ×7
Feudal
15:55
Castle
26:46
Imperial
38:24
| APM avg | 50.9 |
| APM peak | 96 |
| eAPM avg | 28.9 |
| Villagers / military | 166 / 31 |
Focus
⚔️ 32.4% · 🌾 67.6%
Samurai ×14 · Trebuchet (Packed) ×7 · Mangonel ×4 · Spearman ×4 · Monk ×1 · Battering Ram ×1
Feudal
11:16
Castle
35:57
Imperial
—
| APM avg | 67.8 |
| APM peak | 120 |
| eAPM avg | 42.1 |
| Villagers / military | 161 / 55 |
Focus
⚔️ 54.8% · 🌾 45.2%
Fishing Ship ×50 · Scout Cavalry ×46 · Spearman ×9
Feudal
11:28
Castle
15:04
Imperial
28:07
| APM avg | 50.7 |
| APM peak | 87 |
| eAPM avg | 33.1 |
| Villagers / military | 115 / 149 |
Focus
⚔️ 32.3% · 🌾 67.7%
Elephant Archer ×93 · Fishing Ship ×51 · Battle Elephant ×20 · Armored Elephant ×16 · Galley ×12 · Trebuchet (Packed) ×4
Feudal
9:19
Castle
20:03
Imperial
30:32
| APM avg | 46.7 |
| APM peak | 98 |
| eAPM avg | 29.3 |
| Villagers / military | 121 / 301 |
Focus
⚔️ 48.6% · 🌾 51.4%
Spearman ×298 · Unknown (1942) ×11 · Militia ×3
Feudal
9:30
Castle
22:46
Imperial
28:04
| APM avg | 35.4 |
| APM peak | 71 |
| eAPM avg | 24.5 |
| Villagers / military | 106 / 27 |
Focus
⚔️ 32.7% · 🌾 67.3%
Monk ×24 · Fishing Ship ×6 · Unknown (2550) ×3 · Battering Ram ×2 · Trebuchet (Packed) ×1
Feudal
21:10
Castle
31:11
Imperial
40:19
| APM avg | 66.4 |
| APM peak | 117 |
| eAPM avg | 33.8 |
| Villagers / military | 159 / 35 |
Focus
⚔️ 37.9% · 🌾 62.1%
Spearman ×27 · Bombard Cannon ×6 · Trebuchet (Packed) ×2
Feudal
11:45
Castle
15:18
Imperial
27:45
| APM avg | 69.0 |
| APM peak | 119 |
| eAPM avg | 42.5 |
| Villagers / military | 122 / 140 |
Focus
⚔️ 44.3% · 🌾 55.7%
Spearman ×73 · Hussite Wagon ×48 · Fishing Ship ×39 · Bombard Cannon ×18 · Trade Cart ×14 · Monk ×1
Match map
Initial resources + every placement click. Lines = walls · curves = elevation contours. ◆ gold · ⬟ stone · ● berries · ✦ relic · ◌ wall gap
Your base· Open — opponent sealed themselves in
Valas's base· ✓ Closed at 26:46 · 67t walls · 2 gate(s)
Ganji's base· ✓ Closed at 35:57 · 40t walls · 10 gate(s)
Chrisybooo's base· ✓ Closed at 15:04 · 12t walls · 1 gate(s)
PUB | Fanjita's base· ✓ Closed at 20:03 · 34t walls · 2 gate(s)
shiXo.#'s base· ✓ Closed at 22:46 · 61t walls · 3 gate(s)
Oni.TaToH's base· ✓ Closed at 31:11 · 74t walls · 7 gate(s)
Oni.TheViper's base· Open — opponent sealed themselves in
Smoothed initial terrain · ◌ = detected wall gap · hover for details
Inputs per minute
— m0re - - Valas
Build order — m0re
First 150 of 519 actions detected
| 0:00 | Create | Villager (Male) |
| 0:01 | Create | Villager (Male) |
| 0:01 | Build | House |
| 0:02 | Build | House |
| 0:09 | Create | Villager (Male) |
| 0:10 | Create | Villager (Male) |
| 1:25 | Create | Villager (Male) |
| 1:42 | Create | Villager (Male) |
| 2:14 | Create | Villager (Male) |
| 2:14 | Create | Villager (Male) |
| 2:20 | Build | Lumber Camp |
| 2:58 | Create | Villager (Male) |
| 2:58 | Create | Villager (Male) |
| 3:07 | Build | House |
| 3:43 | Create | Villager (Male) |
| 3:44 | Create | Villager (Male) |
| 3:47 | Create | Villager (Male) |
| 4:46 | Build | Dock |
| 4:52 | Create | Villager (Male) |
| 4:58 | Create | Villager (Male) |
| 4:59 | Create | Villager (Male) |
| 5:12 | Create | Villager (Male) |
| 5:45 | Build | House |
| 5:48 | Create | Fishing Ship |
| 5:49 | Create | Fishing Ship |
| 5:57 | Build | Palisade Wall |
| 5:57 | Build | Palisade Wall |
| 5:58 | Build | Palisade Wall |
| 5:59 | Build | Palisade Wall |
| 5:59 | Build | Palisade Wall |
| 6:00 | Build | Palisade Wall |
| 6:00 | Build | Palisade Wall |
| 6:01 | Build | Palisade Wall |
| 6:01 | Build | Palisade Wall |
| 6:04 | Create | Villager (Male) |
| 6:04 | Create | Villager (Male) |
| 6:29 | Create | Villager (Male) |
| 6:51 | Create | Villager (Male) |
| 6:55 | Create | Fishing Ship |
| 6:59 | Create | Fishing Ship |
| 6:59 | Create | Fishing Ship |
| 7:19 | Build | House |
| 7:51 | Build | Mill |
| 8:08 | Create | Villager (Male) |
| 8:17 | Research | Loom |
| 8:25 | Create | Fishing Ship |
| 8:48 | Create | Villager (Male) |
| 9:17 | Build | Palisade Wall |
| 9:21 | Research | Feudal Age |
| 9:23 | Build | Mining Camp |
| 9:52 | Build | Barracks |
| 10:00 | Create | Fishing Ship |
| 10:14 | Build | House |
| 11:15 | Create | Villager (Male) |
| 11:15 | Create | Villager (Male) |
| 11:31 | Age | Feudal Age |
| 11:35 | Build | Stable |
| 11:36 | Create | Villager (Male) |
| 11:41 | Build | Blacksmith |
| 12:16 | Create | Villager (Male) |
| 12:38 | Build | Market |
| 12:47 | Build | House |
| 12:48 | Create | Villager (Male) |
| 13:22 | Research | Castle Age |
| 13:32 | Create | Scout Cavalry |
| 13:32 | Create | Scout Cavalry |
| 13:37 | Build | House |
| 13:44 | Research | Double-Bit Axe |
| 13:45 | Research | Tech 906 |
| 14:14 | Create | Scout Cavalry |
| 14:22 | Build | Fish Trap |
| 14:26 | Create | Scout Cavalry |
| 14:56 | Create | Scout Cavalry |
| 15:10 | Create | Villager (Male) |
| 15:16 | Create | Spearman |
| 15:16 | Create | Spearman |
| 15:20 | Build | House |
| 15:21 | Build | House |
| 15:35 | Create | Villager (Male) |
| 15:47 | Create | Villager (Male) |
| 16:02 | Age | Castle Age |
| 16:14 | Build | Palisade Wall |
| 16:18 | Create | Spearman |
| 16:23 | Build | Siege Workshop |
| 16:37 | Create | Villager (Male) |
| 17:11 | Create | Camel Scout |
| 17:24 | Create | Villager (Male) |
| 17:33 | Create | Villager (Male) |
| 17:37 | Create | Battering Ram |
| 17:53 | Create | Villager (Male) |
| 18:08 | Create | Camel Scout |
| 18:16 | Create | Scorpion |
| 18:18 | Create | Villager (Male) |
| 18:39 | Create | Scorpion |
| 18:39 | Create | Scorpion |
| 18:47 | Build | Fish Trap |
| 18:55 | Create | Villager (Male) |
| 19:11 | Create | Battering Ram |
| 19:16 | Create | Villager (Male) |
| 19:35 | Build | Fish Trap |
| 19:42 | Create | Villager (Male) |
| 19:49 | Build | House |
| 19:52 | Create | Scorpion |
| 20:00 | Build | Fish Trap |
| 20:02 | Build | Fish Trap |
| 20:35 | Create | Villager (Male) |
| 20:48 | Create | Scorpion |
| 20:48 | Create | Scorpion |
| 20:48 | Create | Scorpion |
| 20:54 | Build | Monastery |
| 20:55 | Create | Villager (Male) |
| 21:07 | Create | Villager (Male) |
| 21:08 | Create | Scorpion |
| 21:16 | Create | Fishing Ship |
| 21:32 | Create | Scorpion |
| 21:46 | Create | Monk |
| 21:52 | Build | House |
| 22:03 | Create | Scorpion |
| 22:05 | Build | Fish Trap |
| 22:08 | Build | House |
| 22:11 | Create | Villager (Male) |
| 22:13 | Create | Villager (Male) |
| 22:26 | Create | Villager (Male) |
| 22:30 | Create | Monk |
| 22:32 | Create | Villager (Male) |
| 22:32 | Create | Spearman |
| 22:40 | Build | House |
| 22:41 | Create | Villager (Male) |
| 22:49 | Create | Scorpion |
| 23:06 | Create | Scorpion |
| 23:06 | Create | Scorpion |
| 23:33 | Build | House |
| 23:43 | Create | Battering Ram |
| 23:47 | Research | Bow Saw |
| 23:50 | Create | Villager (Male) |
| 23:52 | Build | Mining Camp |
| 24:01 | Create | Monk |
| 24:23 | Create | Villager (Male) |
| 24:27 | Create | Battering Ram |
| 24:36 | Create | Villager (Male) |
| 24:49 | Build | Town Center |
| 24:51 | Create | Fishing Ship |
| 24:53 | Build | Dock |
| 25:09 | Create | Knight |
| 25:20 | Build | Lumber Camp |
| 25:27 | Create | Knight |
| 25:43 | Create | Villager (Male) |
| 25:43 | Create | Villager (Male) |
| 25:44 | Create | Fishing Ship |
| 26:12 | Create | Villager (Male) |
Build order — Valas
First 150 of 425 actions detected
| 0:01 | Create | Villager (Male) |
| 0:01 | Create | Villager (Male) |
| 0:02 | Create | Villager (Male) |
| 0:02 | Build | House |
| 0:03 | Build | House |
| 0:24 | Create | Villager (Male) |
| 1:37 | Create | Villager (Male) |
| 1:46 | Build | Palisade Wall |
| 1:49 | Build | Palisade Wall |
| 2:02 | Create | Villager (Male) |
| 2:07 | Build | Palisade Wall |
| 2:18 | Build | Lumber Camp |
| 2:34 | Create | Villager (Male) |
| 2:59 | Research | Loom |
| 3:08 | Create | Villager (Male) |
| 3:40 | Create | Villager (Male) |
| 4:09 | Create | Villager (Male) |
| 4:17 | Build | House |
| 4:35 | Create | Villager (Male) |
| 4:56 | Create | Villager (Male) |
| 5:04 | Build | Palisade Wall |
| 5:27 | Create | Villager (Male) |
| 5:52 | Create | Villager (Male) |
| 6:03 | Build | House |
| 6:04 | Build | Mill |
| 6:22 | Build | Palisade Gate |
| 6:24 | Build | Palisade Wall |
| 6:25 | Build | Palisade Wall |
| 6:56 | Build | Palisade Wall |
| 7:06 | Create | Villager (Male) |
| 7:07 | Create | Villager (Male) |
| 7:07 | Create | Villager (Male) |
| 7:21 | Create | Villager (Male) |
| 7:52 | Create | Villager (Male) |
| 7:52 | Create | Villager (Male) |
| 8:39 | Create | Villager (Male) |
| 9:07 | Create | Villager (Male) |
| 9:18 | Build | Palisade Wall |
| 9:20 | Build | Palisade Wall |
| 9:25 | Create | Villager (Male) |
| 9:30 | Build | Palisade Wall |
| 9:31 | Build | Palisade Wall |
| 9:33 | Build | Palisade Wall |
| 9:39 | Create | Villager (Male) |
| 9:40 | Create | Villager (Male) |
| 9:52 | Create | Villager (Male) |
| 10:28 | Build | Palisade Wall |
| 10:44 | Build | Palisade Wall |
| 10:45 | Create | Villager (Male) |
| 11:03 | Create | Villager (Male) |
| 11:13 | Create | Villager (Male) |
| 11:13 | Create | Villager (Male) |
| 11:14 | Create | Villager (Male) |
| 11:21 | Build | House |
| 11:43 | Build | Palisade Wall |
| 11:47 | Create | Villager (Male) |
| 12:11 | Create | Villager (Male) |
| 12:19 | Build | Palisade Wall |
| 12:34 | Create | Villager (Male) |
| 12:54 | Create | Villager (Male) |
| 13:14 | Create | Villager (Male) |
| 13:31 | Research | Feudal Age |
| 13:36 | Build | Palisade Wall |
| 13:58 | Build | Palisade Wall |
| 13:59 | Build | Palisade Wall |
| 14:05 | Create | Villager (Male) |
| 14:09 | Build | Palisade Wall |
| 14:11 | Build | Palisade Wall |
| 14:12 | Build | Palisade Wall |
| 14:13 | Build | Palisade Wall |
| 14:16 | Build | Palisade Wall |
| 14:17 | Build | Palisade Wall |
| 14:27 | Build | Mill |
| 14:29 | Build | Farm |
| 14:30 | Build | Farm |
| 14:30 | Build | Farm |
| 14:31 | Build | Farm |
| 14:32 | Build | Farm |
| 14:38 | Create | Villager (Male) |
| 14:42 | Build | Palisade Gate |
| 15:03 | Build | Farm |
| 15:13 | Build | Farm |
| 15:19 | Build | Lumber Camp |
| 15:31 | Create | Villager (Male) |
| 15:45 | Build | Palisade Wall |
| 15:48 | Build | Palisade Wall |
| 15:55 | Age | Feudal Age |
| 15:59 | Research | Double-Bit Axe |
| 16:04 | Build | Palisade Wall |
| 16:26 | Build | Palisade Wall |
| 16:28 | Build | Palisade Wall |
| 16:30 | Build | Palisade Wall |
| 16:35 | Build | Palisade Wall |
| 16:44 | Build | Palisade Wall |
| 16:57 | Create | Villager (Male) |
| 17:13 | Build | Stone Wall |
| 17:14 | Create | Villager (Male) |
| 17:22 | Create | Villager (Male) |
| 17:35 | Build | Stone Wall |
| 17:37 | Build | Stone Wall |
| 17:38 | Build | Stone Wall |
| 17:41 | Build | Stone Wall |
| 17:42 | Build | Stone Wall |
| 17:54 | Build | Stone Wall |
| 18:00 | Build | Stone Wall |
| 18:10 | Create | Villager (Male) |
| 18:11 | Research | Horse Collar |
| 18:19 | Build | Stone Wall |
| 18:28 | Build | Farm |
| 18:30 | Create | Villager (Male) |
| 18:53 | Create | Villager (Male) |
| 19:04 | Build | Barracks |
| 19:10 | Build | Farm |
| 19:27 | Create | Villager (Male) |
| 19:36 | Build | House |
| 19:45 | Create | Villager (Male) |
| 19:48 | Build | Farm |
| 20:00 | Build | Mining Camp |
| 20:01 | Create | Villager (Male) |
| 20:06 | Build | Farm |
| 20:07 | Create | Spearman |
| 20:12 | Build | Gate |
| 20:14 | Build | Stone Wall |
| 20:14 | Build | Stone Wall |
| 20:15 | Build | Stone Wall |
| 20:18 | Build | Stone Wall |
| 20:18 | Create | Villager (Male) |
| 20:21 | Build | Stone Wall |
| 20:23 | Build | Stone Wall |
| 20:28 | Create | Spearman |
| 20:33 | Create | Villager (Male) |
| 20:50 | Create | Spearman |
| 20:50 | Create | Villager (Male) |
| 21:04 | Create | Villager (Male) |
| 21:06 | Build | Outpost |
| 21:10 | Research | Town Watch |
| 21:14 | Build | Outpost |
| 21:16 | Create | Villager (Male) |
| 21:17 | Create | Spearman |
| 21:28 | Create | Villager (Male) |
| 21:42 | Build | Farm |
| 21:46 | Create | Villager (Male) |
| 22:02 | Create | Villager (Male) |
| 22:55 | Build | Market |
| 22:59 | Build | Mining Camp |
| 23:02 | Build | Blacksmith |
| 23:06 | Create | Villager (Male) |
| 23:36 | Build | Stone Wall |
| 23:40 | Build | Stone Wall |
| 23:48 | Create | Villager (Male) |
Build order — Ganji
First 150 of 467 actions detected
| 0:00 | Create | Villager (Male) |
| 0:01 | Create | Villager (Male) |
| 0:02 | Build | House |
| 0:02 | Build | House |
| 0:06 | Create | Villager (Male) ×2 |
| 1:18 | Build | Palisade Wall |
| 1:19 | Build | Palisade Wall |
| 1:19 | Build | Palisade Wall |
| 1:20 | Build | Palisade Wall |
| 1:20 | Build | Palisade Wall |
| 1:36 | Create | Villager (Male) |
| 2:10 | Build | House |
| 2:13 | Build | House |
| 2:17 | Build | House |
| 2:21 | Build | House |
| 2:26 | Create | Villager (Male) |
| 2:50 | Create | Villager (Male) |
| 2:59 | Create | Villager (Male) |
| 3:04 | Build | Palisade Wall |
| 3:04 | Build | Palisade Wall |
| 3:05 | Build | Palisade Wall |
| 3:06 | Build | Palisade Wall |
| 3:07 | Build | Palisade Wall |
| 3:30 | Create | Villager (Male) |
| 3:58 | Create | Villager (Male) |
| 3:58 | Create | Villager (Male) |
| 4:01 | Build | House |
| 4:02 | Build | House |
| 4:16 | Build | Palisade Wall |
| 4:25 | Create | Villager (Male) |
| 4:34 | Build | Palisade Wall |
| 4:37 | Build | Palisade Wall |
| 4:41 | Build | Palisade Wall |
| 4:45 | Build | Palisade Wall |
| 4:50 | Create | Villager (Male) |
| 5:16 | Create | Villager (Male) |
| 5:23 | Create | Villager (Male) |
| 5:37 | Build | Lumber Camp |
| 5:45 | Build | Palisade Wall |
| 5:49 | Build | House |
| 5:53 | Build | House |
| 6:06 | Create | Villager (Male) |
| 6:13 | Create | Villager (Male) |
| 6:31 | Create | Villager (Male) |
| 6:47 | Create | Villager (Male) |
| 7:10 | Create | Villager (Male) |
| 7:36 | Build | Palisade Wall |
| 7:57 | Create | Villager (Male) |
| 8:06 | Build | Barracks |
| 8:25 | Create | Villager (Male) |
| 8:33 | Research | Loom |
| 8:38 | Research | Loom |
| 8:38 | Research | Loom |
| 9:06 | Research | Feudal Age |
| 9:19 | Create | Villager (Male) |
| 9:19 | Create | Villager (Male) |
| 9:53 | Build | Palisade Wall |
| 9:53 | Build | Palisade Wall |
| 9:54 | Build | Palisade Wall |
| 9:55 | Build | Palisade Wall |
| 10:30 | Build | Palisade Wall |
| 10:56 | Build | House |
| 11:16 | Age | Feudal Age |
| 11:19 | Build | Stable |
| 11:23 | Research | Double-Bit Axe |
| 11:24 | Create | Spearman |
| 11:28 | Create | Villager (Male) |
| 11:33 | Build | House |
| 11:41 | Build | Blacksmith |
| 11:45 | Create | Villager (Male) |
| 12:11 | Create | Scout Cavalry |
| 12:11 | Create | Scout Cavalry |
| 12:31 | Create | Villager (Male) |
| 12:32 | Create | Scout Cavalry |
| 12:34 | Build | Stable |
| 12:43 | Research | Forging |
| 12:47 | Create | Villager (Male) |
| 12:48 | Build | House |
| 12:50 | Build | House |
| 12:54 | Build | House |
| 13:00 | Create | Villager (Male) |
| 13:04 | Build | Mill |
| 13:10 | Create | Scout Cavalry |
| 13:17 | Create | Scout Cavalry |
| 13:30 | Create | Scout Cavalry |
| 13:31 | Create | Scout Cavalry |
| 13:32 | Build | House |
| 13:39 | Build | House |
| 13:40 | Build | Palisade Wall |
| 13:42 | Build | House |
| 13:43 | Build | House |
| 13:50 | Create | Villager (Male) |
| 13:55 | Create | Scout Cavalry |
| 13:55 | Create | Scout Cavalry |
| 13:56 | Create | Villager (Male) |
| 14:02 | Create | Villager (Male) |
| 14:06 | Create | Scout Cavalry |
| 14:06 | Create | Scout Cavalry |
| 14:15 | Create | Villager (Male) |
| 14:18 | Build | Watch Tower |
| 14:40 | Create | Villager (Male) |
| 14:57 | Create | Scout Cavalry |
| 15:33 | Create | Villager (Male) |
| 15:44 | Create | Scout Cavalry |
| 15:44 | Create | Scout Cavalry |
| 15:45 | Build | Farm |
| 15:46 | Build | Farm |
| 15:46 | Build | Farm |
| 15:48 | Create | Scout Cavalry |
| 15:49 | Build | Farm |
| 15:49 | Build | Farm |
| 15:49 | Build | Farm |
| 16:05 | Research | Scale Barding Armor |
| 16:17 | Build | House |
| 16:20 | Build | House |
| 16:46 | Build | Farm |
| 16:46 | Build | Farm |
| 16:46 | Build | Farm |
| 16:46 | Build | Farm |
| 16:46 | Build | Farm |
| 16:49 | Create | Villager (Male) ×2 |
| 17:04 | Create | Scout Cavalry |
| 17:11 | Build | Stable |
| 17:30 | Create | Villager (Male) |
| 17:35 | Create | Scout Cavalry |
| 17:38 | Build | House |
| 17:45 | Build | Farm |
| 17:45 | Build | Farm |
| 17:48 | Create | Villager (Male) |
| 17:59 | Build | House |
| 18:00 | Create | Spearman |
| 18:00 | Create | Spearman |
| 18:17 | Create | Scout Cavalry |
| 18:22 | Create | Scout Cavalry |
| 18:22 | Create | Scout Cavalry |
| 18:23 | Build | Farm |
| 18:32 | Build | House |
| 18:43 | Create | Villager (Male) |
| 18:46 | Create | Scout Cavalry |
| 18:49 | Create | Villager (Male) |
| 19:02 | Create | Villager (Male) |
| 19:22 | Create | Scout Cavalry |
| 19:25 | Build | Barracks |
| 19:26 | Create | Scout Cavalry |
| 19:29 | Create | Scout Cavalry |
| 19:45 | Build | House |
| 19:49 | Create | Scout Cavalry |
| 19:50 | Create | Spearman |
| 19:50 | Create | Spearman |
| 19:51 | Create | Spearman |
Build order — Chrisybooo
First 150 of 564 actions detected
| 0:01 | Create | Villager (Male) |
| 0:01 | Create | Villager (Male) |
| 0:02 | Build | House |
| 0:03 | Build | House |
| 0:04 | Create | Villager (Male) |
| 0:10 | Create | Villager (Male) |
| 1:26 | Create | Villager (Male) |
| 1:58 | Create | Villager (Male) |
| 2:14 | Build | Lumber Camp |
| 2:37 | Create | Villager (Male) |
| 2:39 | Create | Villager (Male) |
| 3:05 | Create | Villager (Male) |
| 3:45 | Create | Villager (Male) |
| 3:45 | Create | Villager (Male) |
| 3:54 | Build | House |
| 4:17 | Create | Villager (Male) |
| 4:26 | Build | Dock |
| 4:45 | Create | Villager (Male) |
| 4:45 | Create | Villager (Male) |
| 5:06 | Create | Fishing Ship |
| 5:19 | Build | House |
| 5:25 | Create | Villager (Male) |
| 5:50 | Create | Fishing Ship |
| 5:51 | Create | Villager (Male) |
| 5:59 | Create | Villager (Male) |
| 6:00 | Create | Villager (Male) |
| 6:10 | Build | House |
| 6:17 | Create | Villager (Male) |
| 6:31 | Create | Fishing Ship |
| 6:39 | Create | Villager (Male) |
| 7:09 | Build | Palisade Wall |
| 7:11 | Build | Palisade Wall |
| 7:12 | Build | Palisade Wall |
| 7:15 | Build | Palisade Wall |
| 7:18 | Create | Villager (Male) |
| 7:43 | Build | Mill |
| 7:48 | Create | Fishing Ship |
| 7:51 | Create | Villager (Male) |
| 7:56 | Create | Villager (Male) |
| 7:56 | Create | Villager (Male) |
| 7:57 | Build | House |
| 8:04 | Create | Villager (Male) |
| 8:11 | Create | Fishing Ship |
| 8:13 | Create | Villager (Male) |
| 8:37 | Build | Mining Camp |
| 9:01 | Create | Fishing Ship |
| 9:18 | Research | Feudal Age |
| 9:22 | Build | House |
| 10:34 | Build | House |
| 10:40 | Create | Fishing Ship |
| 10:44 | Create | Villager (Male) |
| 10:44 | Create | Villager (Male) |
| 10:57 | Build | Palisade Gate |
| 11:28 | Age | Feudal Age |
| 11:29 | Build | Market |
| 11:30 | Build | Blacksmith |
| 11:47 | Research | Double-Bit Axe |
| 12:01 | Build | House |
| 12:24 | Research | Castle Age |
| 12:27 | Build | House |
| 12:37 | Build | Lumber Camp |
| 12:53 | Build | House |
| 13:25 | Build | Palisade Wall |
| 13:26 | Build | Palisade Wall |
| 13:34 | Build | Fish Trap |
| 13:37 | Research | Tech 906 |
| 13:53 | Build | House |
| 13:55 | Build | House |
| 14:06 | Create | Villager (Male) |
| 14:18 | Build | Palisade Wall |
| 14:19 | Build | Palisade Wall |
| 14:19 | Build | Palisade Wall |
| 14:20 | Build | Palisade Wall |
| 15:04 | Age | Castle Age |
| 15:05 | Build | Town Center |
| 15:08 | Build | Town Center |
| 15:10 | Research | Bow Saw |
| 15:11 | Research | Gillnets |
| 15:15 | Build | Town Center |
| 15:23 | Create | Villager (Male) |
| 15:49 | Build | Dock |
| 15:52 | Build | Fish Trap |
| 15:56 | Build | Fish Trap |
| 15:59 | Build | Fish Trap |
| 16:02 | Create | Villager (Male) |
| 16:02 | Create | Villager (Male) |
| 16:25 | Build | Fish Trap |
| 16:28 | Build | Fish Trap |
| 16:31 | Create | Villager (Male) |
| 16:31 | Create | Villager (Male) |
| 16:34 | Create | Villager (Male) |
| 16:37 | Create | Fishing Ship |
| 16:39 | Create | Fishing Ship |
| 16:40 | Create | Villager (Male) |
| 16:40 | Create | Villager (Male) |
| 16:45 | Create | Villager (Male) |
| 16:50 | Create | Villager (Male) |
| 16:54 | Create | Fishing Ship |
| 17:11 | Build | Lumber Camp |
| 17:17 | Build | Lumber Camp |
| 17:19 | Create | Villager (Male) |
| 17:21 | Build | Fish Trap |
| 17:23 | Build | Fish Trap |
| 17:28 | Build | Dock |
| 17:32 | Create | Fishing Ship |
| 17:32 | Create | Fishing Ship |
| 17:33 | Create | Villager (Male) |
| 17:39 | Create | Villager (Male) |
| 17:39 | Create | Villager (Male) |
| 17:45 | Create | Villager (Male) |
| 17:49 | Create | Fishing Ship |
| 17:59 | Build | Dock |
| 18:03 | Build | Fish Trap |
| 18:08 | Create | Villager (Male) |
| 18:08 | Create | Villager (Male) |
| 18:10 | Create | Fishing Ship |
| 18:15 | Build | Fish Trap |
| 18:17 | Create | Fishing Ship |
| 18:20 | Create | Fishing Ship |
| 18:21 | Create | Villager (Male) |
| 18:35 | Create | Fishing Ship |
| 18:40 | Create | Fishing Ship |
| 18:44 | Build | Fish Trap |
| 18:44 | Create | Villager (Male) |
| 18:45 | Create | Fishing Ship |
| 18:48 | Create | Villager (Male) |
| 18:51 | Build | Dock |
| 18:56 | Build | Fish Trap |
| 18:57 | Create | Fishing Ship |
| 18:58 | Create | Villager (Male) |
| 19:03 | Build | House |
| 19:07 | Build | House |
| 19:07 | Build | House |
| 19:08 | Build | House |
| 19:08 | Build | House |
| 19:08 | Build | House |
| 19:11 | Build | Fish Trap |
| 19:12 | Create | Fishing Ship |
| 19:13 | Create | Villager (Male) |
| 19:17 | Create | Fishing Ship |
| 19:19 | Create | Villager (Male) |
| 19:19 | Create | Villager (Male) |
| 19:19 | Create | Villager (Male) |
| 19:23 | Build | House |
| 19:30 | Build | Fish Trap |
| 19:31 | Create | Fishing Ship |
| 19:38 | Build | Fish Trap |
| 19:39 | Create | Villager (Male) |
| 19:39 | Create | Fishing Ship |
| 19:42 | Create | Villager (Male) |
Build order — PUB | Fanjita
First 150 of 613 actions detected
| 0:01 | Create | Villager (Male) |
| 0:01 | Create | Villager (Male) |
| 0:02 | Build | House |
| 0:03 | Build | House |
| 0:06 | Create | Villager (Male) |
| 0:19 | Create | Villager (Male) |
| 0:39 | Build | Palisade Wall |
| 1:39 | Create | Villager (Male) |
| 1:44 | Build | Lumber Camp |
| 2:09 | Create | Villager (Male) |
| 2:32 | Create | Villager (Male) |
| 2:53 | Create | Villager (Male) |
| 3:16 | Create | Villager (Male) |
| 3:43 | Create | Villager (Male) |
| 3:56 | Build | House |
| 4:03 | Create | Villager (Male) |
| 4:38 | Create | Villager (Male) |
| 4:55 | Create | Villager (Male) |
| 5:08 | Create | Villager (Male) |
| 5:24 | Build | Barracks |
| 5:44 | Build | Palisade Wall |
| 5:47 | Create | Villager (Male) |
| 5:59 | Build | Barracks |
| 6:02 | Create | Villager (Male) |
| 6:13 | Research | Loom |
| 7:01 | Build | Palisade Wall |
| 7:09 | Research | Feudal Age |
| 7:10 | Research | Feudal Age |
| 7:13 | Create | Militia |
| 7:17 | Build | House |
| 7:42 | Build | Mining Camp |
| 7:46 | Create | Militia |
| 7:52 | Build | House |
| 7:55 | Build | House |
| 8:28 | Create | Militia |
| 8:47 | Build | Mill |
| 8:55 | Create | Villager (Male) |
| 8:56 | Create | Villager (Male) |
| 9:19 | Age | Feudal Age |
| 9:28 | Research | Man-at-Arms (upgrade) |
| 9:47 | Create | Villager (Male) |
| 10:17 | Create | Villager (Male) |
| 10:25 | Build | Stone Wall |
| 10:30 | Create | Villager (Male) |
| 10:40 | Build | Gate |
| 10:49 | Create | Villager (Male) |
| 10:54 | Build | Stone Wall |
| 10:56 | Build | Stone Wall |
| 11:03 | Create | Villager (Male) |
| 11:22 | Create | Villager (Male) |
| 11:32 | Create | Villager (Male) |
| 11:51 | Create | Villager (Male) |
| 12:07 | Build | House |
| 12:17 | Create | Villager (Male) |
| 12:24 | Research | Double-Bit Axe |
| 12:31 | Build | Lumber Camp |
| 12:32 | Create | Villager (Male) |
| 12:42 | Create | Villager (Male) |
| 12:59 | Create | Villager (Male) |
| 13:14 | Create | Villager (Male) |
| 13:24 | Create | Villager (Male) |
| 13:30 | Research | Horse Collar |
| 13:30 | Research | Horse Collar |
| 13:51 | Create | Villager (Male) |
| 14:05 | Create | Villager (Male) |
| 14:17 | Build | Farm |
| 14:17 | Build | Farm |
| 14:18 | Build | Farm |
| 14:19 | Build | House |
| 14:21 | Build | Farm |
| 14:57 | Build | Watch Tower |
| 14:58 | Create | Villager (Male) |
| 15:01 | Build | Stone Wall |
| 15:05 | Build | Stone Wall |
| 15:09 | Build | Stone Wall |
| 15:13 | Create | Villager (Male) |
| 15:47 | Create | Villager (Male) |
| 15:59 | Build | Market |
| 16:34 | Create | Villager (Male) |
| 16:41 | Create | Villager (Male) |
| 16:45 | Build | Blacksmith |
| 17:02 | Research | Castle Age |
| 17:02 | Research | Castle Age |
| 18:46 | Create | Villager (Male) |
| 19:09 | Build | Gate |
| 19:21 | Create | Villager (Male) |
| 19:24 | Build | Stone Wall |
| 19:25 | Build | Stone Wall |
| 19:36 | Create | Villager (Male) |
| 20:03 | Age | Castle Age |
| 20:06 | Research | Bow Saw |
| 20:07 | Research | Heavy Plow |
| 20:07 | Research | Heavy Plow |
| 20:08 | Create | Villager (Male) |
| 20:12 | Build | Town Center |
| 20:15 | Build | Town Center |
| 20:20 | Create | Villager (Male) |
| 20:28 | Build | Farm |
| 20:28 | Build | Farm |
| 20:29 | Build | Farm |
| 20:34 | Build | Farm |
| 20:40 | Build | Farm |
| 20:41 | Build | Farm |
| 20:47 | Build | Farm |
| 20:55 | Create | Villager (Male) |
| 21:07 | Create | Villager (Male) |
| 21:09 | Build | Farm |
| 21:13 | Build | Stone Wall |
| 21:30 | Create | Villager (Male) |
| 21:31 | Build | Farm |
| 21:32 | Build | House |
| 21:33 | Create | Villager (Male) |
| 21:34 | Build | Farm |
| 21:35 | Build | House |
| 21:36 | Create | Villager (Male) |
| 21:36 | Create | Villager (Male) |
| 21:37 | Create | Villager (Male) |
| 21:43 | Create | Villager (Male) |
| 21:46 | Build | Farm |
| 21:59 | Create | Villager (Male) |
| 22:01 | Build | Farm |
| 22:02 | Build | House |
| 22:04 | Create | Villager (Male) |
| 22:14 | Build | Town Center |
| 22:15 | Create | Villager (Male) |
| 22:20 | Build | Town Center |
| 22:21 | Create | Villager (Male) |
| 22:25 | Build | Farm |
| 22:28 | Research | Wheelbarrow |
| 22:29 | Research | Wheelbarrow |
| 22:33 | Create | Villager (Male) |
| 22:36 | Build | Farm |
| 22:37 | Build | Farm |
| 22:38 | Build | Farm |
| 22:41 | Create | Villager (Male) |
| 22:48 | Build | Farm |
| 22:49 | Build | Farm |
| 22:51 | Build | Farm |
| 22:53 | Create | Villager (Male) |
| 22:58 | Build | House |
| 22:59 | Create | Villager (Male) |
| 23:07 | Create | Villager (Male) |
| 23:16 | Build | Farm |
| 23:16 | Build | House |
| 23:17 | Create | Villager (Male) |
| 23:27 | Create | Villager (Male) |
| 23:31 | Build | Farm |
| 23:34 | Build | Farm |
| 23:37 | Build | Farm |
| 23:37 | Create | Villager (Male) |
Build order — shiXo.#
First 150 of 302 actions detected
| 0:00 | Create | Villager (Male) |
| 0:01 | Create | Villager (Male) |
| 0:01 | Create | Villager (Male) |
| 0:02 | Build | House |
| 0:21 | Create | Villager (Male) |
| 0:39 | Research | Loom |
| 0:47 | Create | Villager (Male) |
| 0:47 | Create | Villager (Male) |
| 1:30 | Build | Palisade Wall |
| 1:32 | Build | Palisade Wall |
| 1:51 | Create | Villager (Male) |
| 2:24 | Create | Villager (Male) |
| 2:32 | Build | Settlement |
| 2:54 | Create | Villager (Male) |
| 3:24 | Build | Palisade Wall |
| 3:31 | Create | Villager (Male) |
| 3:41 | Build | Palisade Wall |
| 3:42 | Build | Palisade Wall |
| 3:48 | Create | Villager (Male) |
| 4:21 | Build | Palisade Wall |
| 4:24 | Create | Villager (Male) |
| 4:30 | Build | Palisade Wall |
| 4:37 | Create | Villager (Male) |
| 4:47 | Create | Villager (Male) |
| 5:17 | Create | Villager (Male) |
| 5:42 | Build | Palisade Wall |
| 5:51 | Create | Villager (Male) |
| 6:30 | Create | Villager (Male) |
| 6:33 | Create | Villager (Male) |
| 7:18 | Research | Feudal Age |
| 7:32 | Build | Settlement |
| 8:00 | Create | Villager (Male) |
| 8:49 | Build | Barracks |
| 9:08 | Create | Villager (Male) |
| 9:30 | Age | Feudal Age |
| 9:32 | Create | Unit 2550 |
| 9:32 | Create | Unit 2550 |
| 9:32 | Create | Unit 2550 |
| 9:46 | Build | House |
| 9:47 | Create | Villager (Male) |
| 9:59 | Build | Watch Tower |
| 10:04 | Build | House |
| 10:05 | Build | Palisade Wall |
| 10:08 | Build | House |
| 10:10 | Build | Palisade Wall |
| 10:18 | Build | Palisade Wall |
| 10:23 | Build | Palisade Wall |
| 10:26 | Build | Palisade Wall |
| 10:41 | Build | Palisade Gate |
| 10:47 | Create | Villager (Male) |
| 10:47 | Create | Villager (Male) |
| 10:55 | Build | Watch Tower |
| 10:59 | Create | Villager (Male) |
| 11:12 | Create | Villager (Male) |
| 11:23 | Build | House |
| 11:26 | Build | Palisade Wall |
| 11:30 | Build | Stone Wall |
| 11:31 | Build | Stone Wall |
| 11:32 | Build | Stone Wall |
| 11:33 | Build | Stone Wall |
| 11:35 | Build | Stone Wall |
| 11:37 | Build | Stone Wall |
| 11:43 | Create | Villager (Male) |
| 11:43 | Create | Villager (Male) |
| 12:05 | Create | Villager (Male) |
| 12:38 | Create | Villager (Male) |
| 12:53 | Build | Palisade Wall |
| 13:08 | Build | Gate |
| 13:24 | Build | Gate |
| 13:28 | Create | Villager (Male) |
| 13:49 | Build | Settlement |
| 13:56 | Create | Villager (Male) |
| 14:13 | Build | Gate |
| 14:22 | Create | Villager (Male) |
| 14:23 | Create | Villager (Male) |
| 14:29 | Research | Double-Bit Axe |
| 15:00 | Create | Villager (Male) |
| 15:13 | Build | Blacksmith |
| 15:47 | Build | Farm |
| 15:48 | Build | Farm |
| 16:00 | Research | Fletching |
| 16:03 | Create | Villager (Male) |
| 16:05 | Build | Farm |
| 16:16 | Build | Farm |
| 16:32 | Create | Villager (Male) |
| 16:36 | Research | Horse Collar |
| 16:41 | Build | Farm |
| 16:46 | Build | Farm |
| 16:57 | Create | Villager (Male) |
| 17:05 | Build | Farm |
| 17:13 | Build | Farm |
| 17:17 | Create | Villager (Male) |
| 17:50 | Create | Villager (Male) |
| 17:52 | Build | Farm |
| 18:05 | Build | Watch Tower |
| 18:12 | Build | Gate |
| 18:14 | Build | Stone Wall |
| 18:16 | Build | Stone Wall |
| 18:18 | Build | Stone Wall |
| 18:20 | Build | Stone Wall |
| 18:21 | Create | Villager (Male) |
| 18:25 | Build | Farm |
| 18:31 | Build | Farm |
| 18:45 | Build | Stone Wall |
| 18:46 | Build | Stone Wall |
| 18:48 | Create | Villager (Male) |
| 18:56 | Build | Market |
| 19:12 | Create | Villager (Male) |
| 19:19 | Build | Dock |
| 19:29 | Build | Stone Wall |
| 19:34 | Build | Stone Wall |
| 19:34 | Build | Stone Wall |
| 19:35 | Build | Stone Wall |
| 19:35 | Build | Stone Wall |
| 20:02 | Create | Villager (Male) |
| 20:06 | Research | Castle Age |
| 20:30 | Build | Stone Wall |
| 20:38 | Build | Settlement |
| 20:52 | Create | Villager (Male) |
| 20:57 | Create | Fishing Ship |
| 20:57 | Create | Fishing Ship |
| 21:39 | Build | Farm |
| 21:43 | Create | Fishing Ship |
| 22:03 | Create | Fishing Ship |
| 22:07 | Create | Villager (Male) |
| 22:30 | Build | Farm |
| 22:31 | Build | Farm |
| 22:33 | Build | Farm |
| 22:44 | Create | Villager (Male) |
| 22:46 | Age | Castle Age |
| 22:50 | Build | University |
| 22:51 | Build | Monastery |
| 23:01 | Create | Fishing Ship |
| 23:23 | Build | Siege Workshop |
| 23:51 | Create | Monk |
| 24:04 | Create | Villager (Male) |
| 24:05 | Create | Villager (Male) |
| 24:07 | Build | Farm |
| 24:20 | Create | Fishing Ship |
| 24:50 | Research | Imperial Age |
| 25:06 | Create | Battering Ram |
| 25:21 | Create | Villager (Male) |
| 25:37 | Create | Villager (Male) |
| 25:37 | Create | Villager (Male) |
| 25:51 | Build | Monastery |
| 25:54 | Build | Monastery |
| 26:00 | Build | Monastery |
| 26:03 | Create | Monk |
| 26:31 | Create | Monk |
| 26:33 | Create | Monk |
Build order — Oni.TaToH
First 150 of 403 actions detected
| 0:00 | Create | Villager (Male) ×4 |
| 0:01 | Build | House |
| 0:02 | Build | House |
| 0:33 | Research | Loom |
| 0:33 | Create | Villager (Male) |
| 0:33 | Create | Villager (Male) |
| 0:46 | Build | Palisade Wall |
| 0:56 | Build | House |
| 0:57 | Build | Palisade Wall |
| 1:07 | Research | Loom |
| 1:07 | Create | Villager (Male) |
| 1:21 | Research | Loom |
| 2:00 | Create | Villager (Male) |
| 2:05 | Build | Palisade Wall |
| 2:34 | Create | Villager (Male) |
| 2:43 | Build | Palisade Wall |
| 3:15 | Build | Palisade Wall |
| 3:20 | Create | Villager (Male) |
| 3:45 | Create | Villager (Male) |
| 4:05 | Create | Villager (Male) |
| 4:38 | Create | Villager (Male) |
| 4:58 | Create | Villager (Male) |
| 5:17 | Create | Villager (Male) |
| 5:20 | Build | House |
| 5:56 | Create | Villager (Male) |
| 6:05 | Create | Villager (Male) |
| 6:45 | Create | Villager (Male) |
| 7:05 | Create | Villager (Male) |
| 7:06 | Create | Villager (Male) |
| 7:57 | Create | Villager (Male) |
| 8:09 | Create | Villager (Male) |
| 8:31 | Build | Lumber Camp |
| 8:34 | Create | Villager (Male) |
| 8:49 | Build | Palisade Wall |
| 8:53 | Build | Palisade Wall |
| 8:54 | Build | Palisade Wall |
| 9:10 | Create | Villager (Male) |
| 9:49 | Build | House |
| 10:01 | Create | Villager (Male) |
| 10:02 | Create | Villager (Male) |
| 10:26 | Create | Villager (Male) |
| 10:26 | Create | Villager (Male) |
| 11:13 | Build | Palisade Wall |
| 11:14 | Build | Palisade Wall |
| 11:20 | Create | Villager (Male) |
| 11:24 | Build | Palisade Wall |
| 11:36 | Create | Villager (Male) |
| 11:53 | Create | Villager (Male) |
| 11:55 | Build | Mill |
| 12:17 | Create | Villager (Male) |
| 12:22 | Build | Palisade Wall |
| 12:23 | Build | Palisade Wall |
| 12:28 | Create | Villager (Male) |
| 12:33 | Build | Palisade Wall |
| 12:33 | Build | Palisade Wall |
| 12:42 | Build | Palisade Wall |
| 12:42 | Build | Palisade Wall |
| 12:44 | Build | Palisade Wall |
| 12:44 | Build | Palisade Wall |
| 13:00 | Create | Villager (Male) |
| 13:01 | Build | House |
| 13:20 | Build | Farm |
| 13:25 | Create | Villager (Male) |
| 13:28 | Build | Palisade Gate |
| 13:40 | Build | Palisade Wall |
| 13:40 | Build | Palisade Wall |
| 13:42 | Build | Palisade Wall |
| 13:43 | Build | Palisade Wall |
| 13:44 | Build | Palisade Wall |
| 13:48 | Create | Villager (Male) |
| 14:02 | Create | Villager (Male) |
| 14:04 | Build | Farm |
| 14:05 | Build | Farm |
| 14:25 | Create | Villager (Male) |
| 14:34 | Build | Palisade Gate |
| 14:42 | Create | Villager (Male) |
| 15:02 | Build | House |
| 15:37 | Build | Palisade Gate |
| 15:41 | Create | Villager (Male) |
| 15:58 | Create | Villager (Male) |
| 16:14 | Build | Mining Camp |
| 16:31 | Build | Farm |
| 16:37 | Create | Villager (Male) |
| 16:44 | Build | Palisade Wall |
| 16:45 | Build | Palisade Wall |
| 16:47 | Build | Palisade Wall |
| 16:57 | Create | Villager (Male) |
| 16:58 | Build | Farm |
| 17:30 | Create | Villager (Male) |
| 18:03 | Create | Villager (Male) |
| 18:08 | Build | House |
| 18:14 | Build | House |
| 18:16 | Build | House |
| 18:18 | Build | House |
| 18:19 | Build | House |
| 18:21 | Build | Palisade Wall |
| 18:22 | Build | Palisade Wall |
| 18:24 | Build | Palisade Wall |
| 18:25 | Build | Palisade Wall |
| 18:26 | Build | Palisade Wall |
| 18:28 | Build | Palisade Wall |
| 19:00 | Research | Feudal Age |
| 19:03 | Build | Lumber Camp |
| 19:24 | Build | Farm |
| 19:32 | Build | Palisade Wall |
| 19:47 | Build | Farm |
| 19:48 | Build | Farm |
| 20:23 | Build | Palisade Wall |
| 20:35 | Create | Villager (Male) |
| 20:48 | Build | Palisade Gate |
| 20:49 | Build | House |
| 21:10 | Age | Feudal Age |
| 21:12 | Research | Double-Bit Axe |
| 21:12 | Research | Horse Collar |
| 21:14 | Create | Villager (Male) |
| 21:16 | Build | Stone Wall |
| 21:25 | Build | Stone Wall |
| 21:28 | Build | Stone Wall |
| 21:35 | Create | Villager (Male) |
| 21:44 | Create | Villager (Male) |
| 21:47 | Build | Farm |
| 21:53 | Build | Farm |
| 22:10 | Build | Barracks |
| 22:13 | Build | Barracks |
| 22:14 | Create | Villager (Male) |
| 22:31 | Build | Palisade Wall |
| 22:36 | Build | Palisade Wall |
| 22:41 | Build | Palisade Wall |
| 22:42 | Build | Palisade Wall |
| 22:43 | Build | Palisade Wall |
| 22:43 | Create | Villager (Male) |
| 22:44 | Build | Palisade Wall |
| 22:51 | Build | Outpost |
| 22:52 | Build | Farm |
| 22:56 | Create | Spearman |
| 23:03 | Create | Spearman |
| 23:04 | Create | Villager (Male) |
| 23:13 | Build | Blacksmith |
| 23:16 | Create | Spearman |
| 23:20 | Create | Spearman |
| 23:20 | Create | Villager (Male) |
| 23:34 | Create | Spearman |
| 23:34 | Create | Spearman |
| 23:40 | Create | Villager (Male) |
| 23:44 | Build | Barracks |
| 23:52 | Create | Spearman |
| 24:00 | Create | Spearman |
| 24:03 | Research | Scale Mail Armor |
| 24:03 | Research | Scale Mail Armor |
| 24:06 | Build | Farm |
Build order — Oni.TheViper
First 150 of 467 actions detected
| 0:00 | Create | Villager (Male) |
| 0:01 | Create | Villager (Male) |
| 0:01 | Build | House |
| 0:02 | Build | House |
| 0:04 | Create | Villager (Male) |
| 0:04 | Create | Villager (Male) |
| 0:32 | Research | Loom |
| 0:33 | Create | Villager (Male) |
| 0:42 | Create | Villager (Male) |
| 1:35 | Build | Palisade Wall |
| 1:37 | Build | Palisade Wall |
| 1:37 | Build | Palisade Wall |
| 1:37 | Create | Villager (Male) |
| 1:40 | Build | Palisade Wall |
| 2:02 | Create | Villager (Male) |
| 2:31 | Build | House |
| 2:35 | Create | Villager (Male) |
| 2:37 | Build | Palisade Wall |
| 2:39 | Build | Palisade Wall |
| 2:41 | Build | Palisade Wall |
| 2:53 | Build | House |
| 2:58 | Build | Palisade Wall |
| 3:01 | Create | Villager (Male) |
| 3:14 | Build | Palisade Wall |
| 3:16 | Create | Villager (Male) |
| 3:18 | Build | Lumber Camp |
| 3:26 | Build | Palisade Wall |
| 3:41 | Build | Palisade Wall |
| 3:46 | Build | Palisade Wall |
| 3:48 | Create | Villager (Male) |
| 4:04 | Build | Palisade Wall |
| 4:14 | Create | Villager (Male) |
| 4:33 | Build | House |
| 4:43 | Create | Villager (Male) |
| 4:47 | Build | House |
| 4:57 | Build | Palisade Wall |
| 4:58 | Build | Palisade Wall |
| 5:07 | Build | House |
| 5:17 | Build | Palisade Wall |
| 5:23 | Create | Villager (Male) |
| 5:27 | Build | House |
| 5:33 | Build | House |
| 5:37 | Build | Dock |
| 5:44 | Build | Palisade Wall |
| 5:50 | Create | Villager (Male) |
| 6:07 | Build | House |
| 6:14 | Create | Villager (Male) |
| 6:16 | Create | Fishing Ship |
| 6:33 | Create | Villager (Male) |
| 6:34 | Create | Villager (Male) |
| 6:38 | Create | Fishing Ship |
| 6:46 | Create | Villager (Male) |
| 6:52 | Build | Palisade Wall |
| 6:55 | Create | Villager (Male) |
| 7:11 | Build | Palisade Gate |
| 7:23 | Create | Villager (Male) |
| 7:25 | Create | Fishing Ship |
| 7:28 | Build | Palisade Gate |
| 7:35 | Create | Villager (Male) |
| 7:37 | Build | House |
| 7:41 | Build | Palisade Gate |
| 7:50 | Build | Palisade Gate |
| 7:53 | Create | Villager (Male) |
| 7:57 | Create | Villager (Male) |
| 8:00 | Build | Palisade Wall |
| 8:00 | Build | Palisade Wall |
| 8:09 | Create | Fishing Ship |
| 8:28 | Create | Villager (Male) |
| 8:39 | Create | Fishing Ship |
| 8:41 | Build | House |
| 8:44 | Build | Mill |
| 9:31 | Research | Feudal Age |
| 9:34 | Build | Mining Camp |
| 9:44 | Create | Fishing Ship |
| 10:19 | Create | Villager (Male) |
| 10:26 | Build | Palisade Gate |
| 10:35 | Create | Villager (Male) |
| 10:37 | Build | Palisade Gate |
| 10:43 | Build | House |
| 10:50 | Build | Palisade Wall |
| 10:50 | Build | Palisade Wall |
| 11:03 | Build | Palisade Wall |
| 11:10 | Build | Palisade Wall |
| 11:10 | Build | Palisade Wall |
| 11:19 | Create | Villager (Male) |
| 11:21 | Build | Palisade Wall |
| 11:35 | Build | House |
| 11:45 | Age | Feudal Age |
| 11:50 | Build | Market |
| 11:51 | Build | Blacksmith |
| 11:53 | Research | Double-Bit Axe |
| 12:13 | Build | Lumber Camp |
| 12:38 | Research | Castle Age |
| 13:00 | Research | Horse Collar |
| 13:03 | Research | Tech 906 |
| 13:13 | Build | Dock |
| 13:58 | Build | House |
| 14:01 | Create | Fishing Ship |
| 14:02 | Create | Fishing Ship |
| 14:06 | Build | Fish Trap |
| 14:07 | Build | Fish Trap |
| 14:13 | Create | Villager (Male) |
| 14:35 | Build | Fish Trap |
| 14:42 | Create | Villager (Male) |
| 15:18 | Age | Castle Age |
| 15:19 | Build | Town Center |
| 15:24 | Build | Monastery |
| 15:26 | Create | Villager (Male) |
| 15:37 | Create | Villager (Male) |
| 15:44 | Create | Villager (Male) |
| 15:59 | Build | Barracks |
| 16:06 | Research | Fervor |
| 16:07 | Create | Villager (Male) |
| 16:14 | Create | Villager (Male) |
| 16:21 | Create | Villager (Male) |
| 16:23 | Research | Bow Saw |
| 16:25 | Research | Wheelbarrow |
| 16:27 | Create | Villager (Male) |
| 16:27 | Create | Villager (Male) |
| 16:28 | Create | Villager (Male) |
| 16:34 | Create | Villager (Male) |
| 16:40 | Create | Spearman |
| 16:40 | Create | Spearman |
| 16:41 | Create | Villager (Male) |
| 16:47 | Build | Palisade Wall |
| 16:51 | Build | Palisade Wall |
| 16:55 | Create | Spearman |
| 17:02 | Create | Villager (Male) |
| 17:06 | Build | Fish Trap |
| 17:07 | Create | Fishing Ship |
| 17:07 | Create | Fishing Ship |
| 17:08 | Create | Villager (Male) |
| 17:10 | Create | Villager (Male) |
| 17:33 | Create | Villager (Male) |
| 17:38 | Build | Town Center |
| 17:42 | Create | Monk |
| 17:43 | Create | Spearman |
| 17:44 | Build | House |
| 17:49 | Research | Town Watch |
| 17:58 | Create | Villager (Male) |
| 17:59 | Create | Villager (Male) |
| 18:02 | Create | Spearman |
| 18:03 | Create | Villager (Male) |
| 18:13 | Build | Fish Trap |
| 18:18 | Build | Fish Trap |
| 18:18 | Create | Villager (Male) |
| 18:21 | Create | Villager (Male) |
| 18:26 | Build | Mining Camp |
| 18:27 | Create | Villager (Male) |
| 18:30 | Create | Villager (Male) |
Match timeline
| 0:39 | PUB | Fanjita · wall_segment Palisade Wall x10 |
| 0:46 | Oni.TaToH · wall_segment Palisade Wall x2 |
| 0:57 | Oni.TaToH · wall_segment Palisade Wall x1 |
| 1:18 | Ganji · wall_segment Palisade Wall x1 |
| 1:19 | Ganji · wall_segment Palisade Wall x1 |
| 1:19 | Ganji · wall_segment Palisade Wall x1 |
| 1:20 | Ganji · wall_segment Palisade Wall x1 |
| 1:20 | Ganji · wall_segment Palisade Wall x1 |
| 1:30 | shiXo.# · wall_segment Palisade Wall x4 |
| 1:32 | shiXo.# · wall_segment Palisade Wall x10 |
| 1:35 | Oni.TheViper · wall_segment Palisade Wall x3 |
| 1:37 | Oni.TheViper · wall_segment Palisade Wall x1 |
| 1:37 | Oni.TheViper · wall_segment Palisade Wall x1 |
| 1:40 | Oni.TheViper · wall_segment Palisade Wall x4 |
| 1:46 | Valas · wall_segment Palisade Wall x5 |
| 1:49 | Valas · wall_segment Palisade Wall x1 |
| 2:05 | Oni.TaToH · wall_segment Palisade Wall x5 |
| 2:07 | Valas · wall_segment Palisade Wall x1 |
| 2:37 | Oni.TheViper · wall_segment Palisade Wall x1 |
| 2:39 | Oni.TheViper · wall_segment Palisade Wall x1 |
| 2:41 | Oni.TheViper · wall_segment Palisade Wall x1 |
| 2:43 | Oni.TaToH · wall_segment Palisade Wall x1 |
| 2:58 | Oni.TheViper · wall_segment Palisade Wall x1 |
| 3:04 | Ganji · wall_segment Palisade Wall x1 |
| 3:04 | Ganji · wall_segment Palisade Wall x1 |
| 3:05 | Ganji · wall_segment Palisade Wall x1 |
| 3:06 | Ganji · wall_segment Palisade Wall x1 |
| 3:07 | Ganji · wall_segment Palisade Wall x1 |
| 3:14 | Oni.TheViper · wall_segment Palisade Wall x1 |
| 3:15 | Oni.TaToH · wall_segment Palisade Wall x1 |
| 3:24 | shiXo.# · wall_segment Palisade Wall x1 |
| 3:26 | Oni.TheViper · wall_segment Palisade Wall x1 |
| 3:41 | shiXo.# · wall_segment Palisade Wall x3 |
| 3:41 | Oni.TheViper · wall_segment Palisade Wall x1 |
| 3:42 | shiXo.# · wall_segment Palisade Wall x2 |
| 3:46 | Oni.TheViper · wall_segment Palisade Wall x1 |
| 4:04 | Oni.TheViper · wall_segment Palisade Wall x4 |
| 4:16 | Ganji · wall_segment Palisade Wall x1 |
| 4:21 | shiXo.# · wall_segment Palisade Wall x1 |
| 4:26 | Chrisybooo · first_building Dock |
| 4:30 | shiXo.# · wall_segment Palisade Wall x5 |
| 4:34 | Ganji · wall_segment Palisade Wall x1 |
| 4:37 | Ganji · wall_segment Palisade Wall x1 |
| 4:41 | Ganji · wall_segment Palisade Wall x1 |
| 4:45 | Ganji · wall_segment Palisade Wall x4 |
| 4:46 | m0re · first_building Dock |
| 4:57 | Oni.TheViper · wall_segment Palisade Wall x1 |
| 4:58 | Oni.TheViper · wall_segment Palisade Wall x1 |
| 5:04 | Valas · wall_segment Palisade Wall x6 |
| 5:17 | Oni.TheViper · wall_segment Palisade Wall x1 |
| 5:24 | PUB | Fanjita · first_building Barracks |
| 5:37 | Oni.TheViper · first_building Dock |
| 5:42 | shiXo.# · wall_segment Palisade Wall x1 |
| 5:44 | PUB | Fanjita · wall_segment Palisade Wall x1 |
| 5:44 | Oni.TheViper · wall_segment Palisade Wall x1 |
| 5:45 | Ganji · wall_segment Palisade Wall x1 |
| 5:57 | m0re · wall_segment Palisade Wall x1 |
| 5:57 | m0re · wall_segment Palisade Wall x1 |
| 5:58 | m0re · wall_segment Palisade Wall x1 |
| 5:59 | m0re · wall_segment Palisade Wall x1 |
| 5:59 | m0re · wall_segment Palisade Wall x1 |
| 6:00 | m0re · wall_segment Palisade Wall x1 |
| 6:00 | m0re · wall_segment Palisade Wall x1 |
| 6:01 | m0re · wall_segment Palisade Wall x1 |
| 6:01 | m0re · wall_segment Palisade Wall x1 |
| 6:24 | Valas · wall_segment Palisade Wall x1 |
| 6:25 | Valas · wall_segment Palisade Wall x1 |
| 6:52 | Oni.TheViper · wall_segment Palisade Wall x1 |
| 6:56 | Valas · wall_segment Palisade Wall x1 |
| 7:01 | PUB | Fanjita · wall_segment Palisade Wall x1 |
| 7:09 | Chrisybooo · wall_segment Palisade Wall x1 |
| 7:11 | Chrisybooo · wall_segment Palisade Wall x1 |
| 7:12 | Chrisybooo · wall_segment Palisade Wall x1 |
| 7:15 | Chrisybooo · wall_segment Palisade Wall x1 |
| 7:36 | Ganji · wall_segment Palisade Wall x1 |
| 8:00 | Oni.TheViper · wall_segment Palisade Wall x1 |
| 8:00 | Oni.TheViper · wall_segment Palisade Wall x1 |
| 8:06 | Ganji · first_building Barracks |
| 8:49 | shiXo.# · first_building Barracks |
| 8:49 | Oni.TaToH · wall_segment Palisade Wall x1 |
| 8:53 | Oni.TaToH · wall_segment Palisade Wall x1 |
| 8:54 | Oni.TaToH · wall_segment Palisade Wall x1 |
| 9:17 | m0re · wall_segment Palisade Wall x1 |
| 9:18 | Valas · wall_segment Palisade Wall x1 |
| 9:19 | PUB | Fanjita · age_up feudal |
| 9:20 | Valas · wall_segment Palisade Wall x1 |
| 9:30 | shiXo.# · age_up feudal |
| 9:30 | Valas · wall_segment Palisade Wall x1 |
| 9:31 | Valas · wall_segment Palisade Wall x1 |
| 9:33 | Valas · wall_segment Palisade Wall x1 |
| 9:52 | m0re · first_building Barracks |
| 9:53 | Ganji · wall_segment Palisade Wall x1 |
| 9:53 | Ganji · wall_segment Palisade Wall x1 |
| 9:54 | Ganji · wall_segment Palisade Wall x1 |
| 9:55 | Ganji · wall_segment Palisade Wall x1 |
| 10:05 | shiXo.# · wall_segment Palisade Wall x1 |
| 10:10 | shiXo.# · wall_segment Palisade Wall x3 |
| 10:18 | shiXo.# · wall_segment Palisade Wall x2 |
| 10:23 | shiXo.# · wall_segment Palisade Wall x1 |
| 10:25 | PUB | Fanjita · wall_segment Stone Wall x7 |
| 10:26 | shiXo.# · wall_segment Palisade Wall x1 |
| 10:28 | Valas · wall_segment Palisade Wall x5 |
| 10:30 | Ganji · wall_segment Palisade Wall x1 |
| 10:44 | Valas · wall_segment Palisade Wall x1 |
| 10:50 | Oni.TheViper · wall_segment Palisade Wall x1 |
| 10:50 | Oni.TheViper · wall_segment Palisade Wall x1 |
| 10:54 | PUB | Fanjita · wall_segment Stone Wall x3 |
| 10:56 | PUB | Fanjita · wall_segment Stone Wall x2 |
| 11:03 | Oni.TheViper · wall_segment Palisade Wall x1 |
| 11:10 | Oni.TheViper · wall_segment Palisade Wall x1 |
| 11:10 | Oni.TheViper · wall_segment Palisade Wall x1 |
| 11:13 | Oni.TaToH · wall_segment Palisade Wall x1 |
| 11:14 | Oni.TaToH · wall_segment Palisade Wall x1 |
| 11:16 | Ganji · age_up feudal |
| 11:19 | Ganji · first_building Stable |
| 11:21 | Oni.TheViper · wall_segment Palisade Wall x1 |
| 11:24 | Oni.TaToH · wall_segment Palisade Wall x1 |
| 11:26 | shiXo.# · wall_segment Palisade Wall x1 |
| 11:28 | Chrisybooo · age_up feudal |
| 11:30 | shiXo.# · wall_segment Stone Wall x1 |
| 11:31 | m0re · age_up feudal |
| 11:31 | shiXo.# · wall_segment Stone Wall x1 |
| 11:32 | shiXo.# · wall_segment Stone Wall x1 |
| 11:33 | shiXo.# · wall_segment Stone Wall x1 |
| 11:35 | shiXo.# · wall_segment Stone Wall x1 |
| 11:35 | m0re · first_building Stable |
| 11:37 | shiXo.# · wall_segment Stone Wall x1 |
| 11:43 | Valas · wall_segment Palisade Wall x1 |
| 11:45 | Oni.TheViper · age_up feudal |
| 12:19 | Valas · wall_segment Palisade Wall x2 |
| 12:22 | Oni.TaToH · wall_segment Palisade Wall x1 |
| 12:23 | Oni.TaToH · wall_segment Palisade Wall x1 |
| 12:33 | Oni.TaToH · wall_segment Palisade Wall x1 |
| 12:33 | Oni.TaToH · wall_segment Palisade Wall x1 |
| 12:42 | Oni.TaToH · wall_segment Palisade Wall x1 |
| 12:42 | Oni.TaToH · wall_segment Palisade Wall x1 |
| 12:44 | Oni.TaToH · wall_segment Palisade Wall x1 |
| 12:44 | Oni.TaToH · wall_segment Palisade Wall x1 |
| 12:53 | shiXo.# · wall_segment Palisade Wall x7 |
| 13:21 | m0re · first_market_buy 100 food |
| 13:25 | m0re · first_market_sell 500 stone |
| 13:25 | Chrisybooo · wall_segment Palisade Wall x1 |
| 13:26 | Chrisybooo · wall_segment Palisade Wall x3 |
| 13:36 | Valas · wall_segment Palisade Wall x1 |
| 13:40 | Oni.TaToH · wall_segment Palisade Wall x1 |
| 13:40 | Oni.TaToH · wall_segment Palisade Wall x1 |
| 13:40 | Ganji · wall_segment Palisade Wall x1 |
| 13:42 | Oni.TaToH · wall_segment Palisade Wall x1 |
| 13:43 | Oni.TaToH · wall_segment Palisade Wall x1 |
| 13:44 | Oni.TaToH · wall_segment Palisade Wall x1 |
| 13:58 | Valas · wall_segment Palisade Wall x1 |
| 13:59 | Valas · wall_segment Palisade Wall x1 |
| 14:09 | Chrisybooo · first_market_buy 100 wood |
| 14:09 | Valas · wall_segment Palisade Wall x1 |
| 14:11 | Valas · wall_segment Palisade Wall x1 |
| 14:12 | Valas · wall_segment Palisade Wall x1 |
| 14:13 | Valas · wall_segment Palisade Wall x1 |
| 14:16 | Valas · wall_segment Palisade Wall x1 |
| 14:17 | Valas · wall_segment Palisade Wall x1 |
| 14:18 | Chrisybooo · wall_segment Palisade Wall x1 |
| 14:19 | Chrisybooo · wall_segment Palisade Wall x1 |
| 14:19 | Chrisybooo · wall_segment Palisade Wall x1 |
| 14:20 | Chrisybooo · wall_segment Palisade Wall x1 |
| 15:01 | PUB | Fanjita · wall_segment Stone Wall x1 |
| 15:04 | Chrisybooo · age_up castle |
| 15:05 | PUB | Fanjita · wall_segment Stone Wall x4 |
| 15:09 | PUB | Fanjita · wall_segment Stone Wall x3 |
| 15:18 | Oni.TheViper · age_up castle |
| 15:24 | Oni.TheViper · first_building Monastery |
| 15:45 | Valas · wall_segment Palisade Wall x1 |
| 15:48 | Valas · wall_segment Palisade Wall x1 |
| 15:55 | Valas · age_up feudal |
| 15:59 | Oni.TheViper · first_building Barracks |
| 16:02 | m0re · age_up castle |
| 16:04 | Valas · wall_segment Palisade Wall x1 |
| 16:14 | m0re · wall_segment Palisade Wall x1 |
| 16:23 | m0re · first_building Siege Workshop |
| 16:26 | Valas · wall_segment Palisade Wall x1 |
| 16:28 | Valas · wall_segment Palisade Wall x1 |
| 16:30 | Valas · wall_segment Palisade Wall x1 |
| 16:35 | Valas · wall_segment Palisade Wall x1 |
| 16:44 | Valas · wall_segment Palisade Wall x1 |
| 16:44 | Oni.TaToH · wall_segment Palisade Wall x1 |
| 16:45 | Oni.TaToH · wall_segment Palisade Wall x1 |
| 16:47 | Oni.TaToH · wall_segment Palisade Wall x1 |
| 16:47 | Oni.TheViper · wall_segment Palisade Wall x1 |
| 16:51 | Oni.TheViper · wall_segment Palisade Wall x1 |
| 17:13 | Valas · wall_segment Stone Wall x4 |
| 17:35 | Valas · wall_segment Stone Wall x2 |
| 17:37 | Valas · wall_segment Stone Wall x1 |
| 17:38 | Valas · wall_segment Stone Wall x1 |
| 17:41 | Valas · wall_segment Stone Wall x1 |
| 17:42 | Valas · wall_segment Stone Wall x1 |
| 17:54 | Valas · wall_segment Stone Wall x1 |
| 18:00 | Valas · wall_segment Stone Wall x1 |
| 18:14 | shiXo.# · wall_segment Stone Wall x1 |
| 18:16 | shiXo.# · wall_segment Stone Wall x1 |
| 18:18 | shiXo.# · wall_segment Stone Wall x1 |
| 18:19 | Valas · wall_segment Stone Wall x1 |
| 18:20 | shiXo.# · wall_segment Stone Wall x1 |
| 18:21 | Oni.TaToH · wall_segment Palisade Wall x1 |
| 18:22 | Oni.TaToH · wall_segment Palisade Wall x1 |
| 18:24 | Oni.TaToH · wall_segment Palisade Wall x1 |
| 18:25 | Oni.TaToH · wall_segment Palisade Wall x1 |
| 18:26 | Oni.TaToH · wall_segment Palisade Wall x1 |
| 18:28 | Oni.TaToH · wall_segment Palisade Wall x1 |
| 18:45 | shiXo.# · wall_segment Stone Wall x6 |
| 18:46 | shiXo.# · wall_segment Stone Wall x5 |
| 18:58 | Oni.TheViper · first_market_sell 100 wood |
| 19:04 | Valas · first_building Barracks |
| 19:19 | shiXo.# · first_building Dock |
| 19:24 | PUB | Fanjita · wall_segment Stone Wall x3 |
| 19:25 | PUB | Fanjita · wall_segment Stone Wall x1 |
| 19:29 | shiXo.# · wall_segment Stone Wall x1 |
| 19:32 | Oni.TaToH · wall_segment Palisade Wall x3 |
| 19:34 | shiXo.# · wall_segment Stone Wall x1 |
| 19:34 | shiXo.# · wall_segment Stone Wall x1 |
| 19:35 | shiXo.# · wall_segment Stone Wall x1 |
| 19:35 | shiXo.# · wall_segment Stone Wall x1 |
| 20:03 | PUB | Fanjita · age_up castle |
| 20:05 | shiXo.# · first_market_buy 100 food |
| 20:14 | Valas · wall_segment Stone Wall x1 |
| 20:14 | Valas · wall_segment Stone Wall x1 |
| 20:15 | Valas · wall_segment Stone Wall x1 |
| 20:15 | Oni.TheViper · first_building Siege Workshop |
| 20:18 | Valas · wall_segment Stone Wall x1 |
| 20:21 | Valas · wall_segment Stone Wall x1 |
| 20:23 | Oni.TaToH · wall_segment Palisade Wall x1 |
| 20:23 | Valas · wall_segment Stone Wall x1 |
| 20:30 | shiXo.# · wall_segment Stone Wall x4 |
| 20:47 | Oni.TheViper · first_market_buy 100 food |
| 20:54 | m0re · first_building Monastery |
| 21:10 | Oni.TaToH · age_up feudal |
| 21:13 | PUB | Fanjita · wall_segment Stone Wall x2 |
| 21:16 | Oni.TaToH · wall_segment Stone Wall x6 |
| 21:25 | Oni.TaToH · wall_segment Stone Wall x2 |
| 21:28 | Oni.TaToH · wall_segment Stone Wall x3 |
| 22:10 | Oni.TaToH · first_building Barracks |
| 22:31 | Oni.TaToH · wall_segment Palisade Wall x1 |
| 22:36 | Oni.TaToH · wall_segment Palisade Wall x1 |
| 22:41 | Oni.TaToH · wall_segment Palisade Wall x1 |
| 22:42 | Oni.TaToH · wall_segment Palisade Wall x1 |
| 22:43 | Oni.TaToH · wall_segment Palisade Wall x1 |
| 22:44 | Oni.TaToH · wall_segment Palisade Wall x1 |
| 22:46 | shiXo.# · age_up castle |
| 22:51 | shiXo.# · first_building Monastery |
| 23:15 | Oni.TheViper · first_building Castle |
| 23:22 | Chrisybooo · first_building Monastery |
| 23:23 | shiXo.# · first_building Siege Workshop |
| 23:36 | Valas · wall_segment Stone Wall x3 |
| 23:40 | Valas · wall_segment Stone Wall x1 |
| 23:54 | Valas · wall_segment Stone Wall x4 |
| 24:08 | PUB | Fanjita · wall_segment Stone Wall x8 |
| 24:10 | shiXo.# · first_market_sell 100 food |
| 24:53 | Ganji · wall_segment Stone Wall x6 |
| 25:00 | Oni.TaToH · wall_segment Stone Wall x13 |
| 25:46 | Ganji · wall_segment Stone Wall x1 |
| 25:46 | Chrisybooo · first_building Barracks |
| 25:52 | Chrisybooo · first_building Castle |
| 26:38 | Chrisybooo · first_building Stable |
| 26:41 | Chrisybooo · first_building Archery Range |
| 26:46 | Valas · age_up castle |
| 26:50 | PUB | Fanjita · first_building Monastery |
| 26:51 | Chrisybooo · first_market_sell 100 food |
| 27:00 | shiXo.# · first_building Castle |
| 27:07 | PUB | Fanjita · wall_segment Stone Wall x4 |
| 27:45 | Oni.TheViper · age_up imperial |
| 27:50 | PUB | Fanjita · first_building Siege Workshop |
| 27:55 | Valas · first_market_buy 100 wood |
| 28:04 | shiXo.# · age_up imperial |
| 28:07 | Chrisybooo · age_up imperial |
| 28:24 | Oni.TaToH · first_market_sell 500 wood |
| 28:25 | Oni.TaToH · first_market_buy 100 food |
| 28:35 | Ganji · wall_segment Stone Wall x1 |
| 29:15 | Ganji · wall_segment Stone Wall x1 |
| 29:16 | Ganji · wall_segment Stone Wall x1 |
| 29:30 | Oni.TaToH · wall_segment Stone Wall x3 |
| 29:40 | Ganji · first_building Dock |
| 29:53 | shiXo.# · wall_segment Stone Wall x14 |
| 30:06 | Chrisybooo · tribute_sent a jugador 1 |
| 30:06 | Chrisybooo · tribute_sent a jugador 2 |
| 30:06 | Chrisybooo · tribute_sent a jugador 4 |
| 30:06 | Chrisybooo · tribute_sent a jugador 5 |
| 30:06 | Chrisybooo · tribute_sent a jugador 6 |
| 30:06 | Chrisybooo · tribute_sent a jugador 7 |
| 30:06 | Chrisybooo · tribute_sent a jugador 8 |
| 30:06 | Oni.TaToH · wall_segment Stone Wall x4 |
| 30:24 | Valas · first_building Monastery |
| 30:32 | PUB | Fanjita · age_up imperial |
| 30:35 | shiXo.# · wall_segment Stone Wall x10 |
| 30:38 | shiXo.# · wall_segment Stone Wall x11 |
| 30:39 | Ganji · wall_segment Palisade Wall x1 |
| 30:40 | shiXo.# · wall_segment Stone Wall x7 |
| 30:51 | Chrisybooo · first_building Siege Workshop |
| 30:52 | Ganji · wall_segment Palisade Wall x1 |
| 30:54 | Ganji · wall_segment Palisade Wall x1 |
| 31:04 | m0re · wall_segment Stone Wall x4 |
| 31:07 | m0re · wall_segment Stone Wall x5 |
| 31:11 | Oni.TaToH · age_up castle |
| 31:48 | Ganji · wall_segment Palisade Wall x1 |
| 31:55 | Chrisybooo · tribute_sent a jugador 1 |
| 31:55 | Chrisybooo · tribute_sent a jugador 2 |
| 31:55 | Chrisybooo · tribute_sent a jugador 4 |
| 31:55 | Chrisybooo · tribute_sent a jugador 5 |
| 31:55 | Chrisybooo · tribute_sent a jugador 6 |
| 31:55 | Chrisybooo · tribute_sent a jugador 7 |
| 31:55 | Chrisybooo · tribute_sent a jugador 8 |
| 32:28 | m0re · wall_segment Stone Wall x21 |
| 32:56 | Chrisybooo · tribute_sent a jugador 1 |
| 32:56 | Chrisybooo · tribute_sent a jugador 2 |
| 32:56 | Chrisybooo · tribute_sent a jugador 4 |
| 32:56 | Chrisybooo · tribute_sent a jugador 5 |
| 32:56 | Chrisybooo · tribute_sent a jugador 6 |
| 32:56 | Chrisybooo · tribute_sent a jugador 7 |
| 32:56 | Chrisybooo · tribute_sent a jugador 8 |
| 33:10 | Valas · first_building Siege Workshop |
| 33:15 | Ganji · first_market_buy 100 food |
| 33:46 | PUB | Fanjita · first_building Castle |
| 33:57 | shiXo.# · wall_segment Stone Wall x7 |
| 34:01 | Oni.TheViper · tribute_sent a jugador 1 |
| 34:01 | Oni.TheViper · tribute_sent a jugador 2 |
| 34:01 | Oni.TheViper · tribute_sent a jugador 3 |
| 34:01 | Oni.TheViper · tribute_sent a jugador 4 |
| 34:01 | Oni.TheViper · tribute_sent a jugador 5 |
| 34:01 | Oni.TheViper · tribute_sent a jugador 6 |
| 34:01 | Oni.TheViper · tribute_sent a jugador 7 |
| 34:06 | shiXo.# · wall_segment Stone Wall x9 |
| 34:07 | shiXo.# · wall_segment Stone Wall x4 |
| 34:10 | shiXo.# · wall_segment Stone Wall x11 |
| 34:36 | Oni.TheViper · tribute_sent a jugador 1 |
| 34:36 | Oni.TheViper · tribute_sent a jugador 2 |
| 34:36 | Oni.TheViper · tribute_sent a jugador 3 |
| 34:36 | Oni.TheViper · tribute_sent a jugador 4 |
| 34:36 | Oni.TheViper · tribute_sent a jugador 5 |
| 34:36 | Oni.TheViper · tribute_sent a jugador 6 |
| 34:36 | Oni.TheViper · tribute_sent a jugador 7 |
| 34:39 | Oni.TheViper · tribute_sent a jugador 1 |
| 34:39 | Oni.TheViper · tribute_sent a jugador 2 |
| 34:39 | Oni.TheViper · tribute_sent a jugador 3 |
| 34:39 | Oni.TheViper · tribute_sent a jugador 4 |
| 34:39 | Oni.TheViper · tribute_sent a jugador 5 |
| 34:39 | Oni.TheViper · tribute_sent a jugador 6 |
| 34:39 | Oni.TheViper · tribute_sent a jugador 7 |
| 34:49 | shiXo.# · wall_segment Stone Wall x1 |
| 34:50 | shiXo.# · wall_segment Stone Wall x1 |
| 35:04 | shiXo.# · wall_segment Stone Wall x5 |
| 35:13 | Valas · first_market_sell 100 food |
| 35:14 | Oni.TaToH · wall_segment Stone Wall x12 |
| 35:19 | Oni.TaToH · wall_segment Stone Wall x10 |
| 35:23 | Oni.TheViper · tribute_sent a jugador 1 |
| 35:23 | Oni.TheViper · tribute_sent a jugador 2 |
| 35:23 | Oni.TheViper · tribute_sent a jugador 3 |
| 35:23 | Oni.TheViper · tribute_sent a jugador 4 |
| 35:23 | Oni.TheViper · tribute_sent a jugador 5 |
| 35:23 | Oni.TheViper · tribute_sent a jugador 6 |
| 35:23 | Oni.TheViper · tribute_sent a jugador 7 |
| 35:26 | Oni.TheViper · tribute_sent a jugador 1 |
| 35:26 | Oni.TheViper · tribute_sent a jugador 2 |
| 35:26 | Oni.TheViper · tribute_sent a jugador 3 |
| 35:26 | Oni.TheViper · tribute_sent a jugador 4 |
| 35:27 | Oni.TheViper · tribute_sent a jugador 5 |
| 35:27 | Oni.TheViper · tribute_sent a jugador 6 |
| 35:27 | Oni.TheViper · tribute_sent a jugador 7 |
| 35:29 | Oni.TaToH · wall_segment Stone Wall x3 |
| 35:30 | Oni.TaToH · wall_segment Stone Wall x4 |
| 35:34 | Oni.TaToH · wall_segment Stone Wall x5 |
| 35:38 | Oni.TaToH · wall_segment Stone Wall x13 |
| 35:57 | Ganji · age_up castle |
| 36:08 | Oni.TheViper · tribute_sent a jugador 1 |
| 36:08 | Oni.TheViper · tribute_sent a jugador 2 |
| 36:08 | Oni.TheViper · tribute_sent a jugador 3 |
| 36:08 | Oni.TheViper · tribute_sent a jugador 4 |
| 36:08 | Oni.TheViper · tribute_sent a jugador 5 |
| 36:08 | Oni.TheViper · tribute_sent a jugador 6 |
| 36:08 | Oni.TheViper · tribute_sent a jugador 7 |
| 36:11 | Ganji · first_market_sell 100 stone |
| 36:14 | Oni.TheViper · tribute_sent a jugador 1 |
| 36:14 | Oni.TheViper · tribute_sent a jugador 2 |
| 36:14 | Oni.TheViper · tribute_sent a jugador 3 |
| 36:14 | Oni.TheViper · tribute_sent a jugador 4 |
| 36:14 | Oni.TheViper · tribute_sent a jugador 5 |
| 36:14 | Oni.TheViper · tribute_sent a jugador 6 |
| 36:14 | Oni.TheViper · tribute_sent a jugador 7 |
| 36:20 | shiXo.# · wall_segment Stone Wall x8 |
| 36:42 | Oni.TaToH · first_building Monastery |
| 36:48 | Valas · first_building Castle |
| 36:50 | Oni.TaToH · wall_segment Stone Wall x18 |
| 36:53 | Oni.TaToH · wall_segment Stone Wall x6 |
| 38:02 | Oni.TaToH · wall_segment Stone Wall x13 |
| 38:06 | Oni.TaToH · wall_segment Stone Wall x3 |
| 38:07 | Oni.TaToH · wall_segment Stone Wall x1 |
| 38:08 | Oni.TaToH · wall_segment Stone Wall x6 |
| 38:24 | Valas · age_up imperial |
| 38:37 | m0re · age_up imperial |
| 38:49 | Chrisybooo · wall_segment Stone Wall x15 |
| 38:56 | Oni.TaToH · first_building Castle |
| 38:59 | Oni.TheViper · tribute_sent a jugador 1 |
| 38:59 | Oni.TheViper · tribute_sent a jugador 2 |
| 38:59 | Oni.TheViper · tribute_sent a jugador 3 |
| 38:59 | Oni.TheViper · tribute_sent a jugador 4 |
| 38:59 | Oni.TheViper · tribute_sent a jugador 5 |
| 38:59 | Oni.TheViper · tribute_sent a jugador 6 |
| 38:59 | Oni.TheViper · tribute_sent a jugador 7 |
| 39:19 | Chrisybooo · wall_segment Stone Wall x1 |
| 39:25 | Oni.TaToH · wall_segment Stone Wall x14 |
| 39:37 | Chrisybooo · wall_segment Stone Wall x1 |
| 39:39 | Oni.TaToH · first_building Siege Workshop |
| 39:58 | PUB | Fanjita · tribute_sent a jugador 1 |
| 39:58 | PUB | Fanjita · tribute_sent a jugador 2 |
| 39:58 | PUB | Fanjita · tribute_sent a jugador 3 |
| 39:58 | PUB | Fanjita · tribute_sent a jugador 4 |
| 39:58 | PUB | Fanjita · tribute_sent a jugador 6 |
| 39:58 | PUB | Fanjita · tribute_sent a jugador 7 |
| 39:58 | PUB | Fanjita · tribute_sent a jugador 8 |
| 39:58 | Ganji · wall_segment Stone Wall x5 |
| 40:00 | Ganji · wall_segment Stone Wall x6 |
| 40:02 | Ganji · wall_segment Stone Wall x7 |
| 40:08 | Oni.TaToH · wall_segment Stone Wall x11 |
| 40:16 | Oni.TaToH · wall_segment Stone Wall x11 |
| 40:19 | Oni.TaToH · age_up imperial |
| 40:28 | shiXo.# · wall_segment Stone Wall x7 |
| 40:30 | shiXo.# · wall_segment Stone Wall x3 |
| 40:31 | shiXo.# · wall_segment Stone Wall x2 |
| 40:41 | Oni.TaToH · wall_segment Stone Wall x7 |
| 40:56 | shiXo.# · wall_segment Stone Wall x6 |
| 41:54 | Ganji · wall_segment Stone Wall x3 |
| 41:54 | Ganji · wall_segment Stone Wall x2 |
| 41:55 | Ganji · wall_segment Stone Wall x1 |
| 41:55 | Ganji · wall_segment Stone Wall x2 |
| 41:55 | Ganji · wall_segment Stone Wall x2 |
| 41:56 | Ganji · wall_segment Stone Wall x1 |
| 41:56 | Ganji · wall_segment Stone Wall x1 |
| 41:56 | Ganji · wall_segment Stone Wall x1 |
| 41:56 | Ganji · wall_segment Stone Wall x1 |
| 41:56 | Ganji · wall_segment Stone Wall x2 |
| 41:57 | Ganji · wall_segment Stone Wall x2 |
| 41:57 | Ganji · wall_segment Stone Wall x2 |
| 41:57 | Ganji · wall_segment Stone Wall x2 |
| 41:58 | Ganji · wall_segment Stone Wall x2 |
| 41:58 | Ganji · wall_segment Stone Wall x2 |
| 42:05 | shiXo.# · wall_segment Stone Wall x1 |
| 42:05 | shiXo.# · wall_segment Stone Wall x1 |
| 42:07 | shiXo.# · wall_segment Stone Wall x1 |
| 42:08 | shiXo.# · wall_segment Stone Wall x7 |
| 42:17 | Ganji · wall_segment Stone Wall x6 |
| 42:19 | Ganji · wall_segment Stone Wall x6 |
| 42:24 | Oni.TheViper · tribute_sent a jugador 1 |
| 42:24 | Oni.TheViper · tribute_sent a jugador 2 |
| 42:24 | Oni.TheViper · tribute_sent a jugador 3 |
| 42:24 | Oni.TheViper · tribute_sent a jugador 4 |
| 42:24 | Oni.TheViper · tribute_sent a jugador 5 |
| 42:24 | Oni.TheViper · tribute_sent a jugador 6 |
| 42:24 | Oni.TheViper · tribute_sent a jugador 7 |
| 43:28 | Chrisybooo · resign |
[ AI ANALYSIS · 1 CREDIT ]
What really happened in this match?
Wolo.gg analyzes every decision: build order, eco, micro, common mistakes by bracket. Personalized analysis on WhatsApp or Discord in 30 seconds.
Civ guide
Turks
Perfil
Jugador #279036